 Dungeon Crawl Stone Soup version 0.18.1-50-g88ac8fd (webtiles) character file.

36738 Amnesiac the Prestidigitator (level 13, -2/76 HPs)
             Began as a Deep Elf Fighter on Mar 2, 2018.
             Was an Initiate of Gozag.
             Killed themself with a badly aimed orb of electricity (8 damage)
             ... on level 1 of the Elven Halls.
             The game lasted 00:51:49 (20856 turns).

Amnesiac the Prestidigitator (Deep Elf Fighter)    Turns: 20856, Time: 00:51:50

Health: -2/76      AC: 20    Str: 23    XL:     13   Next: 54%
Magic:  0/25       EV: 16    Int: 15    God:    Gozag
Gold:   302        SH: 11    Dex: 14    Spells: 0 memorised, 12 levels left

rFire  . . .     SeeInvis .     w - staff of air
rCold  + . .     Gourm    .     n - +1 scale mail of Insatiable Hunger {rPois MR+ Str+4}
rNeg   . . .     Faith    .     c - +0 shield
rPois  +         Spirit   +     i - +2 helmet
rElec  +         Dismiss  .     B - +2 cloak
rCorr  .         Reflect  .     Q - +0 pair of gloves
SustAt .         Harm     .     I - +2 pair of boots {run}
MR     ++...     Rnd*Rage +     e - amulet of guardian spirit
Stlth  +.........               E - ring of protection from cold
                                u - ring of poison resistance

@: gold aura, quick, very resistant to hostile enchantments, very unstealthy
A: berserk 1, screaming 1, strong 1
a: Potion Petition, Call Merchant, Bribe Branch, Renounce Religion


You were on level 1 of the Elven Halls.
You worshipped Gozag.
Gozag was noncommittal.
You were hungry.

You visited 4 branches of the dungeon, and saw 15 of its levels.
You also visited: Labyrinth.

You collected 4545 gold pieces.
You spent 1106 gold pieces at shops.
You paid 3137 gold pieces to Gozag.

Inventory:

Hand Weapons
 a - a +1 short sword of draining
 b - a +0 blowgun
 M - the +4 long sword of Juihohut {drain, *Confuse +Blink rElec}
   (You found it on level 10 of the Dungeon)

   A truly terrible weapon, it drains the life of those it strikes.
   It insulates you from electricity.
   It lets you blink.
   It may confuse you when you take damage.
 P - a +1 dagger of venom
Missiles
 h - 401 stones
 z - 11 poisoned needles
 A - 2 throwing nets (quivered)
Armour
 c - a +0 shield (worn)
 i - a +2 helmet (worn)
 n - the +1 scale mail of Insatiable Hunger (worn) {rPois MR+ Str+4}
   (You found it in a labyrinth)

   It affects your strength (+4).
   It protects you from poison.
   It affects your resistance to hostile enchantments.
 B - a +2 cloak (worn)
 I - a +2 pair of boots of running (worn)
 Q - a +0 pair of gloves (worn)
Magical Staves
 w - an uncursed staff of air (weapon)
Jewellery
 e - an amulet of guardian spirit (around neck)
 g - an uncursed ring of sustain attributes
 q - an uncursed ring of ice
 u - a ring of poison resistance (left hand)
 v - an uncursed ring of protection from fire {unknown}
 E - a ring of protection from cold (right hand)
 T - an uncursed ring of positive energy
Wands
 m - a wand of paralysis (0/24)
 p - a wand of flame (0/48)
 x - a wand of heal wounds (0/9)
 F - a wand of iceblast (0/15)
 G - a wand of teleportation (0/9)
 K - a wand of acid (0/15)
 O - a wand of slowing (3/48)
 R - a wand of acid (0/15)
 S - a wand of flame (0/48)
Scrolls
 j - 4 scrolls of fear {!r}
 o - 2 scrolls of enchant weapon {!r}
 r - 7 scrolls of remove curse {!r}
 t - 2 scrolls of silence {!r}
 y - 3 scrolls of fog {!r}
 H - a scroll of amnesia {!r}
 N - a scroll of enchant armour {!r}
Potions
 l - 2 potions of curing {!q}
 s - 3 potions of flight {!q}
 C - a potion of cure mutation {!q}
 D - 3 potions of brilliance {!q}
 J - 2 potions of resistance {!q}
Books
 L - a book of Misfortune

   Spells                             Type                      Level
   a - Confusing Touch                Hexes                        2
   b - Confuse                        Hexes                        3
   c - Gell's Gravitas                Hexes/Translocation          3
   d - Petrify                        Transmutation/Earth          4
   e - Metabolic Englaciation         Hexes/Ice                    5
   f - Yara's Violent Unravelling     Hexes/Transmutation          5
Miscellaneous
 V - a disc of storms
Comestibles
 f - 7 bread rations


   Skills:
 + Level 7.4 Fighting
 - Level 8.1 Short Blades
 + Level 7.7 Armour
 - Level 13.0 Dodging
 - Level 2.0 Stealth
 + Level 7.5 Shields
 - Level 13.5 Evocations


You had 12 spell levels left.
You didn't know any spells.

Dungeon Overview and Level Annotations

Branches:
Dungeon (11/15)            Temple (1/1) D:7            Lair (0/8) D:8
    Orc (2/2) D:11            Elf (1/3) Orc:2

Altars:
Ashenzari
Cheibriados
Dithmenos
Elyvilon
Fedhas
Gozag
Kikubaaqudgha
Makhleb
Nemelex Xobeh
Okawaru
Pakellas
Qazlal
Ru
Sif Muna
Trog
Vehumet
Xom
Yredelemnul
Zin
The Shining One

Shops:
D:6 [   Orc:1 [   Orc:2 *::%*(%

Portals:
Trove: D:11 (give +3 shadow dragon armour)


Innate Abilities, Weirdness & Mutations

You tend to lose your temper in combat.
You occasionally shout uncontrollably at your foes.
Your muscles are strong. (Str +2)


Message History

A deep elf high priest comes into view. It is wielding a short sword.
Read which item? (? for menu, Esc to quit)
Okay, then.
Evoke which item? (* to show all) (? for menu, Esc to quit)
Okay, then.
Wield which item (- for none, * to show all)? (? for menu, Esc to quit)
Okay, then.
Drink which item? (? for menu, Esc to quit)
Okay, then.
Put on which piece of jewellery? (? for menu, Esc to quit)
Okay, then.
Drink which item? (? for menu, Esc to quit)
Really quaff
k - a potion of magic {!q}?
Magic courses through your body.
The deep elf high priest mumbles some strange prayers to its god against you.
Something smites you!
* * * LOW HITPOINT WARNING * * *
Drink which item? (? for menu, Esc to quit)
Okay, then.
The deep elf mage hits you but does no damage.
The deep elf mage mumbles some strange words.
The deep elf mage blinks!
Drink which item? (? for menu, Esc to quit)
Okay, then.
You barely miss the deep elf high priest.
The deep elf high priest hits you but does no damage.
You hit the deep elf high priest but do no damage.
The deep elf mage barely misses you.
Unknown command.
You barely miss the deep elf mage.
You are feeling hungry.
The deep elf high priest utters an invocation to its god.
The deep elf high priest begins emitting a brilliant aura!
The deep elf mage is empowered by the deep elf high priest's aura!
Unknown command.
Eat which item? (? for menu, Esc to quit)
Okay, then.
Drink which item? (? for menu, Esc to quit)
Okay, then.
Wield which item (- for none, * to show all)? (? for menu, Esc to quit)
w - an uncursed staff of air (weapon)
The deep elf mage misses you.
The deep elf high priest hits you with a short sword!
* * * LOW HITPOINT WARNING * * *
That item cannot be evoked!
Unknown command.
Evoke which item? (* to show all) (? for menu, Esc to quit)
The disc glows for a moment, then fades.
The deep elf high priest barely misses you.
Evoke which item? (* to show all) (? for menu, Esc to quit)
The disc erupts in an explosion of electricity!
The orb of electricity explodes!
The orb of electricity engulfs the deep elf mage.
The deep elf mage is moderately wounded.
The orb of electricity engulfs you! You resist.
* * * LOW HITPOINT WARNING * * *
The orb of electricity engulfs the deep elf high priest.
The deep elf high priest is almost dead.
The zap misses you. x2; The orb of electricity explodes!
The orb of electricity engulfs the deep elf high priest.
You kill the deep elf high priest!
The orb of electricity engulfs you! You resist.
You die...
Your body crumbles into a pile of gold.

)[[(8..8..##....##
....
##[............##
#..
##########.#..###.#
###.###.# #.##.##
#.#>## $ ##.#..####
#!....#..##
#.....#e@$≈######
#.....#..$......#
##...###.$#####.#
##.# ###.# ## ..#
...# ..## %.# ...


You could see a deep elf mage.

Vanquished Creatures
  Agnes (Elf:1)
  Maud (D:11)
  A deep elf high priest (Elf:1)
  A minotaur (Lab)
  Fannar (Orc:1)
  4 ogre magi
  An orc high priest (Orc:1)
  2 deep elf knights
  Nergalle (D:11)
  An unseen horror (D:11)
  4 hill giants
  2 deep elf archers (Elf:1)
  9 deep elf magi (Elf:1)
  An orc knight (Orc:1)
  An orc sorcerer (Orc:2)
  A cyclops (D:10)
  4 trolls
  A wind drake (shapeshifter) (Elf:1)
  18 two-headed ogres
  A redback (Lab)
  A spriggan (D:9)
  13 yaks (D:9)
  A wraith (D:11)
  2 wyverns
  3 hungry ghosts
  A hippogriff (D:10)
  A mottled dragon (D:8)
  3 wargs (Orc:1)
  A swamp worm (shapeshifter) (Elf:1)
  2 water moccasins
  21 orc warriors
  An ice beast (D:9)
  6 sky beasts
  A phantom (D:4)
  5 centaurs
  32 ogres
  3 crocodiles
  2 big kobolds
  2 giant frogs
  A wyvern zombie (D:7)
  A water moccasin skeleton (D:7)
  2 scorpions
  11 wights
  A howler monkey (D:6)
  4 crimson imps
  A centaur zombie (D:6)
  A quasit (D:9)
  A giant frog zombie (D:8)
  4 jellies
  3 hounds
  21 orc wizards
  8 orc priests
  A giant frog skeleton (D:6)
  A gnoll shaman (D:4)
  6 iguanas
  3 worker ants
  A statue (D:7)
  2 hound zombies (D:7)
  A hound skeleton (D:8)
  A worker ant zombie (D:4)
  12 gnolls
  15 adders
  A howler monkey skeleton (D:10)
  4 shadow imps
  An ooze (D:3)
  An adder skeleton (D:4)
  3 worms
  9 giant geckos
  68 orcs
  13 bats
  4 giant cockroaches
  12 goblins
  14 hobgoblins
  10 jackals
  4 quokkas
  A giant cockroach zombie (D:6)
  6 giant newts
  16 kobolds
  A quokka skeleton (D:6)
  9 rats
436 creatures vanquished.

Vanquished Creatures (others)
  Erolcha (D:8)
  A dancing weapon (Orc:1)
  2 giant frogs (D:6)
  2 hounds (D:6)
  An iguana (D:6)
7 creatures vanquished.

Grand Total: 443 creatures vanquished

Notes
Turn   | Place    | Note
--------------------------------------------------------------
     0 | D:1      | Amnesiac the Deep Elf Fighter began the quest for the Orb.
     0 | D:1      | Reached XP level 1. HP: 13/13 MP: 3/3
   275 | D:1      | Reached XP level 2. HP: 15/18 MP: 4/4
   746 | D:1      | Reached XP level 3. HP: 20/22 MP: 5/5
  1616 | D:2      | Reached XP level 4. HP: 27/27 MP: 6/6
  2195 | D:2      | Found a burning altar of Makhleb.
  2305 | D:3      | Found an opulent altar of Gozag.
  2320 | D:3      | Became a worshipper of Gozag Ym Sagoz the Greedy
  2444 | D:3      | Reached skill level 5 in Short Blades
  2453 | D:3      | Reached XP level 5. HP: 26/31 MP: 7/7
  2501 | D:3      | Found a white marble altar of Elyvilon.
  3204 | D:3      | Found a sacrificial altar of Ru.
  3760 | D:4      | Found an oddly glowing altar of Pakellas.
  3801 | D:4      | Noticed a phantom
  3855 | D:4      | Killed a phantom
  3855 | D:4      | Reached XP level 6. HP: 26/36 MP: 8/8
  4412 | D:5      | Entered Level 5 of the Dungeon
  4551 | D:5      | Reached XP level 7. HP: 30/40 MP: 7/9
  4911 | D:5      | Reached skill level 1 in Dodging
  5225 | D:4      | Found a snail-covered altar of Cheibriados.
  5472 | D:4      | Reached skill level 1 in Evocations
  6741 | D:6      | Found a shimmering altar of Xom.
  6774 | D:6      | Reached XP level 8. HP: 45/45 MP: 11/13
  7162 | D:6      | Reached skill level 5 in Evocations
  7394 | D:6      | Found Lieqim's Armour Shop.
  7398 | D:6      | Bought a +2 pair of boots of running for 456 gold pieces
  7708 | D:7      | Found a radiant altar of Vehumet.
  7881 | D:7      | Gained mutation: You tend to lose your temper in combat. [potion of mutation]
  7881 | D:7      | Gained mutation: You occasionally shout uncontrollably at your foes. [potion of mutation]
  7881 | D:7      | Gained mutation: Your muscles are strong. (Str +2) [potion of mutation]
  8302 | D:7      | Reached XP level 9. HP: 43/49 MP: 14/17
  8476 | D:7      | Found a staircase to the Ecumenical Temple.
  8493 | Temple   | Entered the Ecumenical Temple
  8939 | D:8      | Reached skill level 10 in Evocations
  9087 | D:8      | Found a staircase to the Lair.
  9803 | D:8      | Noticed Erolcha
  9817 | D:8      | Killed Erolcha
  9939 | D:8      | Reached XP level 10. HP: 54/54 MP: 21/21
 10268 | D:9      | Found a sparkling altar of Nemelex Xobeh.
 11524 | D:10     | Entered Level 10 of the Dungeon
 11786 | D:10     | Reached skill level 5 in Dodging
 11952 | D:10     | Found a shattered altar of Ashenzari.
 11953 | D:10     | Noticed a hill giant
 11975 | D:10     | Killed a hill giant
 12012 | D:10     | Reached XP level 11. HP: 40/61 MP: 20/23
 12216 | D:10     | Noticed a hill giant
 12221 | D:10     | Killed a hill giant
 12285 | D:10     | Got a pitted long sword
 12529 | D:11     | Noticed Nergalle
 12537 | D:11     | Killed Nergalle
 12546 | D:11     | Noticed a hill giant
 12553 | D:11     | Killed a hill giant
 12573 | D:11     | Killed an unseen horror
 12731 | D:11     | Reached skill level 10 in Dodging
 12744 | D:11     | Identified the +4 long sword of Juihohut {drain, *Confuse +Blink rElec} (You found it on level 10 of the Dungeon)
 12776 | D:11     | Found a portal to a secret trove of treasure.
 12781 | D:11     | Found a stormy altar of Qazlal.
 12786 | D:11     | Found a labyrinth entrance.
 12795 | Lab      | Entered a labyrinth
 13018 | Lab      | Paralysed by fainting for 6 turns
 13131 | Lab      | Noticed a minotaur
 13156 | Lab      | Killed a minotaur
 13176 | Lab      | Got an ancient scale mail
 13190 | Lab      | Identified the cursed +1 scale mail of Insatiable Hunger {rPois MR+ Str+4} (You found it in a labyrinth)
 13312 | D:11     | Noticed a hill giant
 13320 | D:11     | Killed a hill giant
 13601 | D:11     | Found a staircase to the Orcish Mines.
 13843 | Orc:1    | Entered Level 1 of the Orcish Mines
 13977 | Orc:1    | Noticed Maud
 14872 | Orc:1    | Noticed a wolf spider
 14878 | Orc:1    | Noticed a wolf spider
 15083 | Orc:2    | Entered Level 2 of the Orcish Mines
 15083 | Orc:2    | Noticed an orc high priest
 15087 | Orc:2    | Noticed an orc knight
 15279 | Orc:1    | Killed an orc knight
 15395 | Orc:1    | Reached XP level 12. HP: 66/66 MP: 19/24
 15667 | Orc:1    | Killed an orc high priest
 15670 | Orc:1    | HP: 3/66 [burnt (3)]
 16139 | Orc:2    | Found a staircase to the Elven Halls.
 16162 | Orc:2    | Found Aschuafy's Food Shop.
 16315 | Orc:2    | Noticed an ogre mage
 16320 | Orc:2    | Noticed an ogre mage
 16612 | Orc:2    | Noticed an ogre mage
 16869 | Orc:1    | Killed an ogre mage
 17044 | Orc:2    | Killed an ogre mage
 17117 | Orc:2    | Reached skill level 5 in Armour
 17117 | Orc:2    | Reached skill level 5 in Shields
 17163 | Orc:2    | Killed an ogre mage
 17163 | Orc:2    | Reached skill level 5 in Fighting
 17615 | Orc:2    | Noticed an ogre mage
 17671 | Orc:1    | Killed an ogre mage
 18107 | Orc:1    | Noticed Fannar
 18146 | Orc:1    | Killed Fannar
 18360 | Orc:2    | Found Uhoot's Book Boutique.
 18360 | Orc:2    | Found Loamol's General Store.
 18361 | Orc:2    | Found Kechyb's Food Emporium.
 18361 | Orc:2    | Found Qouloyclipewk's Book Boutique.
 18523 | Orc:2    | Reached XP level 13. HP: 71/74 MP: 16/25
 18653 | Orc:2    | Bought a scroll labeled MAF ZUPNYDIDIOXOEXT for 26 gold pieces
 18653 | Orc:2    | Bought a gold wand for 104 gold pieces
 18958 | Orc:2    | Bought a disc of storms for 520 gold pieces
 19002 | D:11     | Killed Maud
 19233 | Elf:1    | Entered Level 1 of the Elven Halls
 20671 | Elf:1    | Noticed Agnes
 20679 | Elf:1    | Killed Agnes
 20856 | Elf:1    | Killed themself with a badly aimed orb of electricity

Skill      XL: |  1  2  3  4  5  6  7  8  9 10 11 12 13 |
---------------+----------------------------------------+-----
Short Blades   | 3 4 5 6 7 8 |  8.1
Dodging        | 3 6 13 | 13.0
Evocations     | 4 9 12 13 | 13.5
Stealth        | 2 |  2.0
Armour         | 4 6 7 |  7.7
Fighting       | 4 6 7 |  7.4
Shields        | 6 7 |  7.5

Action                   |  1- 3 |  4- 6 |  7- 9 | 10-12 | 13-15 || total
-------------------------+-------+-------+-------+-------+-------++-------
Melee: Rapier            |     5 |   400 |   421 |       |       ||   826
       Short sword       |       |       |   504 |  1762 |    48 ||  2314
       Long sword        |       |       |       |    19 |       ||    19
       Unarmed           |       |       |       |    15 |    25 ||    40
       Staff             |       |       |       |     9 |    20 ||    29
       Dagger            |       |       |       |       |    12 ||    12
 Fire: Hunting sling     |   257 |    33 |       |       |       ||   290
Throw: Stone             |       |       |       |       |     2 ||     2
       Throwing net      |       |       |       |       |     2 ||     2
Invok: Potion Petition   |       |       |       |       |     5 ||     5
       Call Merchant     |       |       |       |       |     3 ||     3
Evoke: Wand              |       |       |     9 |    71 |     5 ||    85
       Disc of storms    |       |       |       |       |    50 ||    50
  Use: Scroll            |       |       |    16 |     7 |     1 ||    24
       Potion            |       |       |     5 |     8 |     4 ||    17
 Stab: Distracted        |       |       |     4 |     7 |       ||    11
       Paralysed         |       |       |       |    24 |       ||    24
       Invisible         |       |       |       |       |     4 ||     4
  Eat: Chunk             |     2 |     3 |       |       |       ||     5
       Pizza             |       |     1 |     4 |     8 |       ||    13
       Bread ration      |       |     1 |     2 |     1 |     1 ||     5
       Beef jerky        |       |       |     4 |       |       ||     4
       Fruit             |       |       |       |     4 |       ||     4
       Meat ration       |       |       |       |     6 |     1 ||     7
       Royal jelly       |       |       |       |     1 |       ||     1
Armor: Scale mail        |    80 |    24 |       |   187 |    33 ||   324
       Chain mail        |       |   237 |   363 |   298 |       ||   898
       Skin              |       |       |       |    31 |     8 ||    39
Dodge: Dodged            |    44 |    61 |   122 |   549 |    73 ||   849
Block: Shield            |    75 |   163 |   250 |   580 |    54 ||  1122
